[Event "Wednesday Apr 25 Engine Tour 9 rd Swiss 12m+1s Starts at 1600hrs"]
[Site "Infinity Chess"]
[Date "2018.4.25"]
[Round "8"]
[White "NINJA_JENGKA"]
[Black "SkyPilot"]
[Result "1/2-1/2"]
[ECO "A06"]
[WhiteElo "2412"]
[BlackElo "2436"]
[WhiteEngine "Houdini 6_CTG"]
[BlackEngine "stockfish_x64_bmi2_2018_04_07_CTG"]
[EventType "Swiss"]
[WhiteTeam ""]
[BlackTeam ""]
[PlyCount "118"]
[TimeControl "720+1"]

1. Nf3 d5 2. d4 Nf6 3. c4 e6 4. Nc3 c6 5. e3 Nbd7 6. h3 a6 7. a4 Bb4 8. Bd3 O-O 
9. O-O b6 10. cxd5 cxd5 11. Bd2 Bd6 12. e4 dxe4 13. Nxe4 Be7 14. Nc3 Nb8 
15. Rc1 Bb7 16. Be3 Nc6 17. Qe2 a5 18. Nb5 Rc8 19. Ne5 Qd5 20. f4 g6 21. Bc4 Qd8 
22. Kh2 Bb4 23. b3 Be7 24. g4 Nd5 25. Bxd5 exd5 26. Kg2 Re8 27. Qf3 f6 
28. Nxc6 Rxc6 29. f5 Qd7 30. Bh6 gxf5 31. Rxc6 Bxc6 32. Qxf5 Qxf5 33. Rxf5 Bd7 
34. Rf2 Rc8 35. Bf4 Bxb5 36. axb5 Kf7 37. h4 Ke6 38. Re2+ Kf7 39. Rf2 Ke6 
40. Re2+ Kf7 41. Kf2 Rc3 42. Re3 Rc2+ 43. Kg3 Bb4 44. g5 Rd2 45. Rf3 Rxd4 
46. Be3 Bd6+ 47. Kf2 Rxh4 48. Rxf6+ Ke7 49. Bxb6 Rb4 50. Bxa5 Rxb5 51. Bd2 Rxb3 
52. Rh6 d4 53. Rxh7+ Kf8 54. Ke2 Kg8 55. Rd7 Bb4 56. Bxb4 Rxb4 57. Kd3 Kf8 
58. Ke4 Kg8 59. Kf5 Kf8 1/2-1/2

[Event "Wednesday Apr 25 Engine Tour 9 rd Swiss 12m+1s Starts at 1600hrs"]
[Site "Infinity Chess"]
[Date "2018.4.25"]
[Round "8"]
[White "CrapCleaner"]
[Black "hafaba"]
[Result "1/2-1/2"]
[ECO "C77"]
[WhiteElo "2421"]
[BlackElo "2419"]
[WhiteEngine "Houdini 6.03 Standard_CTG"]
[BlackEngine "Eman 1.70-beta21 64-bit POPCNT_CTG"]
[EventType "Swiss"]
[WhiteTeam ""]
[BlackTeam ""]
[PlyCount "91"]
[TimeControl "720+1"]

1. e4 e5 2. Nf3 Nc6 3. Bb5 a6 4. Ba4 Nf6 5. O-O Be7 6. Re1 b5 7. Bb3 d6 
8. c3 O-O 9. h3 Bb7 10. d4 Re8 11. Ng5 Rf8 12. a4 h6 13. Nf3 Re8 14. axb5 axb5 
15. Rxa8 Qxa8 16. Na3 b4 17. Nb5 Qa5 18. Bc4 Ba6 19. Qb3 Rf8 20. cxb4 Nxb4 
21. Nc3 Bxc4 22. Qxc4 Rb8 23. Rd1 Bf8 24. g4 exd4 25. Nxd4 Qa6 26. Qxa6 Nxa6 
27. Kg2 Nc5 28. f3 g6 29. h4 Ne6 30. g5 hxg5 31. hxg5 Nh7 32. Nd5 Nhxg5 
33. Nc6 Ra8 34. Nxc7 Rc8 35. Nxe6 Nxe6 36. Nb4 Bg7 37. Nd5 Rc2+ 38. Kg3 g5 
39. Kg4 Bxb2 40. Bxb2 Rxb2 41. Nf6+ Kf8 42. Kg3 Ke7 43. Nd5+ Kf8 44. Nf6 Ke7 
45. Nd5+ Kf8 46. Nf6 1/2-1/2

[Event "Wednesday Apr 25 Engine Tour 9 rd Swiss 12m+1s Starts at 1600hrs"]
[Site "Infinity Chess"]
[Date "2018.4.25"]
[Round "8"]
[White "Murx"]
[Black "ocirema"]
[Result "1/2-1/2"]
[ECO "C77"]
[WhiteElo "2508"]
[BlackElo "2442"]
[WhiteEngine "asmFishW_2018-04-07_popcnt"]
[BlackEngine "asmFishW_2018-04-24_popcnt"]
[EventType "Swiss"]
[WhiteTeam ""]
[BlackTeam ""]
[PlyCount "107"]
[TimeControl "720+1"]

1. e4 e5 2. Nf3 Nc6 3. Bb5 a6 4. Ba4 Nf6 5. O-O Be7 6. Re1 b5 7. Bb3 O-O 
8. a4 b4 9. d4 d6 10. dxe5 Nxe5 11. Nbd2 Nfd7 12. Nxe5 Nxe5 13. Nf1 Bf6 
14. Rb1 Bb7 15. Ng3 g6 16. f4 Nd7 17. Be3 Qe7 18. a5 Bh4 19. Bf2 Nc5 20. c3 bxc3 
21. Bxc5 dxc5 22. bxc3 Bc6 23. Bc4 Bb5 24. Qb3 Qf6 25. Rf1 Rab8 26. e5 Qc6 
27. Rbe1 Bxc4 28. Qxc4 Qb5 29. Qe4 Qxa5 30. Re3 Bxg3 31. hxg3 Qa2 32. g4 Rb2 
33. f5 Rd2 34. Qf3 Qd5 35. Qh3 Rd1 36. Rxd1 Qxd1+ 37. Kh2 Rd8 38. Qg3 Qd2 
39. Qh3 Qf2 40. Rf3 Qe1 41. Re3 Qf2 42. Rf3 Qd2 43. Re3 Kh8 44. Qg3 a5 
45. e6 fxe6 46. Qxc7 exf5 47. Qe5+ Kg8 48. Qe6+ Kg7 49. Qe7+ Kh8 50. Qf6+ Kg8 
51. Qe6+ Kg7 52. Qe7+ Kh8 53. Qf6+ Kg8 54. Qe6+ 1/2-1/2

[Event "Wednesday Apr 25 Engine Tour 9 rd Swiss 12m+1s Starts at 1600hrs"]
[Site "Infinity Chess"]
[Date "2018.4.25"]
[Round "8"]
[White "localhero"]
[Black "Thinker"]
[Result "1/2-1/2"]
[ECO "C77"]
[WhiteElo "2445"]
[BlackElo "2465"]
[WhiteEngine "asmFishW_2018-04-11_popcnt"]
[BlackEngine "BrainFish_180418_x64_modern_CTG"]
[EventType "Swiss"]
[WhiteTeam ""]
[BlackTeam ""]
[PlyCount "124"]
[TimeControl "720+1"]

1. e4 e5 2. Nf3 Nc6 3. Bb5 a6 4. Ba4 Nf6 5. O-O Be7 6. Re1 b5 7. Bb3 O-O 
8. c3 d5 9. exd5 Nxd5 10. Nxe5 Nxe5 11. Rxe5 c6 12. d4 Bd6 13. Re1 Qh4 
14. g3 Qh3 15. Be3 Bg4 16. Qd3 Rae8 17. Nd2 Re6 18. a4 Qh5 19. axb5 axb5 
20. Nf1 Bf5 21. Qd2 Bh3 22. Bd1 Qg6 23. Bf3 Qf5 24. Qd1 h5 25. Ra6 Bc7 
26. Bh1 Rf6 27. Qe2 h4 28. Bd2 Re6 29. Qf3 Rxe1 30. Bxe1 Bf4 31. Bg2 Bg4 
32. Qe4 Qc8 33. Ra1 Re8 34. Qd3 Bf5 35. Qd1 Bg4 36. Qb3 Qe6 37. c4 bxc4 
38. Qxc4 h3 39. Bh1 Be2 40. Qc2 Bh6 41. Ba5 Bb5 42. Bf3 Qf6 43. Be4 g6 
44. Re1 Re6 45. Bxd5 cxd5 46. Rxe6 Qxe6 47. Bd2 Bg7 48. Bc3 Bh6 49. Bd2 Bg7 
50. Bc3 Bf6 51. f3 Bxf1 52. Kxf1 Qe3 53. Qe2 Qc1+ 54. Kf2 Qh1 55. Ke3 Qb1 
56. Kf2 Qh1 57. Ke3 Qc1+ 58. Kf2 Kh7 59. Qe1 Qc2+ 60. Qe2 Qc1 61. Qe1 Qc2+ 
62. Qe2 Qc1 1/2-1/2

[Event "Wednesday Apr 25 Engine Tour 9 rd Swiss 12m+1s Starts at 1600hrs"]
[Site "Infinity Chess"]
[Date "2018.4.25"]
[Round "8"]
[White "angriff"]
[Black "Seliga"]
[Result "0-1"]
[ECO "C77"]
[WhiteElo "2423"]
[BlackElo "2480"]
[WhiteEngine "DracoREX 3.07 64BIT POPCNT_CTG"]
[BlackEngine "AsmFish A10_CTG"]
[EventType "Swiss"]
[WhiteTeam ""]
[BlackTeam ""]
[PlyCount "216"]
[TimeControl "720+1"]

1. e4 e5 2. Nf3 Nc6 3. Bb5 a6 4. Ba4 Nf6 5. O-O Be7 6. Re1 b5 7. Bb3 O-O 
8. c3 d5 9. exd5 Nxd5 10. Nxe5 Nxe5 11. Rxe5 c6 12. d4 Bd6 13. Re1 Qh4 
14. g3 Qh3 15. Be3 Bg4 16. Qd3 Rae8 17. Nd2 Re6 18. a4 Qh5 19. axb5 axb5 
20. Bxd5 Qxd5 21. c4 bxc4 22. Qxc4 Rb8 23. Ra6 Bf8 24. b3 Qh5 25. Rxc6 Ree8 
26. Qd3 Bf5 27. Qa6 Bh3 28. Qe2 Bg4 29. Qd3 Bf5 30. Qe2 Qxe2 31. Rxe2 Ra8 
32. Re1 Bb4 33. Rb6 Rxe3 34. fxe3 Bxd2 35. Re2 Bc1 36. Re1 Rc8 37. d5 Bd2 
38. Re2 Ba5 39. Rc6 Rd8 40. Kf2 Ra8 41. Kf3 Bd8 42. Rb2 Kf8 43. g4 Bd7 
44. Rcc2 Ke7 45. b4 Kd6 46. Ra2 Rb8 47. Ra6+ Bb6 48. e4 Ke5 49. h4 h6 50. Ra3 g6 
51. g5 h5 52. Kg2 Kxe4 53. Re2+ Kd4 54. Ra1 Bf5 55. Rd1+ Kc4 56. Re7 Bd4 
57. d6 Bg4 58. Rb1 Ra8 59. d7 Rd8 60. Rxf7 Bxd7 61. Rc1+ Kxb4 62. Rff1 Re8 
63. Rfe1 Rf8 64. Rf1 Bf5 65. Rf4 Rd8 66. Kf3 Rd5 67. Kg2 Kb5 68. Rd1 Kc4 
69. Ra1 Kb3 70. Rd1 Kc3 71. Kf3 Bd3 72. Rc1+ Kd2 73. Rc6 Be2+ 74. Kg2 Be5 
75. Ra4 Bb5 76. Ra2+ Ke3 77. Rc1 Kf4 78. Re1 Bd3 79. Ra4+ Rd4 80. Ra2 Be4+ 
81. Kf2 Kg4 82. Rea1 Rd3 83. Rg1+ Kxh4 84. Ra4 Rd4 85. Ra5 Bf4 86. Ra2 Rc4 
87. Rd1 Bg3+ 88. Ke2 Kg4 89. Ke3 h4 90. Rg1 h3 91. Rd2 Bf5 92. Ra2 Re4+ 
93. Kd2 h2 94. Rh1 Rc4 95. Kd1 Bf4 96. Rhxh2 Rc1+ 97. Ke2 Bxh2 98. Ke3 Bg1+ 
99. Kd2 Rc4 100. Rb2 Kf4 101. Ke2 Be3 102. Kf1 Bd3+ 103. Kg2 Be4+ 104. Kf1 Bf3 
105. Re2 Bxe2+ 106. Kxe2 Ke4 107. Kd1 Kf3 108. Ke1 Rc1# 0-1

[Event "Wednesday Apr 25 Engine Tour 9 rd Swiss 12m+1s Starts at 1600hrs"]
[Site "Infinity Chess"]
[Date "2018.4.25"]
[Round "8"]
[White "Vimtiroba"]
[Black "Marsell"]
[Result "1/2-1/2"]
[ECO "D10"]
[WhiteElo "2435"]
[BlackElo "2485"]
[WhiteEngine "AsmFish A24_CTG"]
[BlackEngine "BrainFish_180418_x64_bmi2"]
[EventType "Swiss"]
[WhiteTeam ""]
[BlackTeam ""]
[PlyCount "187"]
[TimeControl "720+1"]

1. d4 d5 2. c4 c6 3. Nc3 Nf6 4. e3 e6 5. Nf3 Nbd7 6. a4 Bb4 7. Qc2 b6 
8. cxd5 exd5 9. Bd2 O-O 10. Bd3 Bb7 11. O-O Re8 12. Na2 Bd6 13. a5 bxa5 
14. Nc3 Bc7 15. Rfc1 Rc8 16. Be1 h6 17. Na4 Rb8 18. Nd2 Ba8 19. Nb3 Ne4 
20. Nc3 Ng5 21. Ne2 Ne6 22. Rd1 Bb6 23. Nxa5 c5 24. dxc5 Nexc5 25. Bh7+ Kh8 
26. Bf5 Ne5 27. Bc3 Qh4 28. Ng3 Ng4 29. Bxg4 Qxg4 30. Qf5 Qxf5 31. Nxf5 f6 
32. Bd4 Ne6 33. Nb3 Nxd4 34. Nbxd4 Kh7 35. h4 g6 36. Nd6 Red8 37. N6b5 Rd7 
38. b4 Bxd4 39. Nxd4 Rxb4 40. Ra6 Kg7 41. g4 Bb7 42. Rxa7 Bc8 43. Ra2 Rf7 
44. f3 f5 45. gxf5 Bxf5 46. Kf2 Rb6 47. Ra5 Rbf6 48. Rg1 Bd3 49. Rc5 Bf5 
50. Kg2 Rd6 51. Kf2 Bd7 52. Ra1 Bg4 53. Kg3 Be6 54. Rca5 Rf8 55. Ra7+ Kf6 
56. Rb1 Bf7 57. Rbb7 Bg8 58. Nb5 Re6 59. Ra3 Rc6 60. Nd4 Rd6 61. Rab3 Ra6 
62. Rd7 Re8 63. Rdb7 Rf8 64. R7b5 Kg7 65. f4 Rf7 66. Kf3 Rfa7 67. Rb6 Bf7 
68. Nc6 Ra8 69. Ne5 Be6 70. Rb7+ Kg8 71. R3b4 Bf5 72. Nf7 Be4+ 73. Kg4 Bf5+ 
74. Kg3 Kg7 75. Ne5+ Kg8 76. Nf7 Kg7 77. Nd6+ Kf6 78. Nb5 Rd8 79. Nd4 Re8 
80. R4b6+ Rxb6 81. Rxb6+ Kf7 82. Kf2 Be4 83. h5 Rg8 84. Nb5 Bd3 85. Rb7+ Kf6 
86. hxg6 Rxg6 87. Nc3 Bc4 88. Rb4 Kf5 89. e4+ dxe4 90. Rxc4 Kxf4 91. Nxe4 h5 
92. Nd2+ Kf5 93. Nb1 h4 94. Rxh4 1/2-1/2

[Event "Wednesday Apr 25 Engine Tour 9 rd Swiss 12m+1s Starts at 1600hrs"]
[Site "Infinity Chess"]
[Date "2018.4.25"]
[Round "8"]
[White "THE_MACHINE"]
[Black "Time_bandit"]
[Result "1-0 "]
[ECO "C55"]
[WhiteElo "2555"]
[BlackElo "2480"]
[WhiteEngine "BrainFish_180423_x64_bmi2"]
[BlackEngine "asmFishW_2018-04-11_bmi2"]
[EventType "Swiss"]
[WhiteTeam ""]
[BlackTeam ""]
[PlyCount "198"]
[TimeControl "720+1"]

1. e4 e5 2. Nf3 Nc6 3. Bc4 Nf6 4. d3 Bc5 5. c3 d6 6. O-O a5 7. h3 O-O 8. Re1 h6 
9. Bb3 Ba7 10. Nbd2 b5 11. a4 b4 12. Bc4 Be6 13. Bb5 Ne7 14. d4 c6 15. Bf1 Ng6 
16. cxb4 exd4 17. b5 c5 18. Nc4 Bxc4 19. Bxc4 Qc7 20. Qd3 Kh8 21. b3 Rae8 
22. Bd2 Bb6 23. Re2 Re7 24. Rae1 Rfe8 25. Bd5 Kg8 26. Bc6 Rd8 27. g3 Kh8 
28. Kh2 Kg8 29. Bc1 Kh8 30. Kg2 Kg8 31. Qc2 Qb8 32. Qd3 Qc7 33. Qc2 Qb8 
34. Bd2 Qc7 35. h4 Re6 36. Qd3 Qb8 37. Bd5 Re7 38. h5 Nxh5 39. Nh4 Nxh4+ 
40. gxh4 Rf8 41. Rg1 Kh8 42. Qf3 Re5 43. Kf1 Qe8 44. Bc4 Bd8 45. Qg2 Rg8 
46. f4 Re7 47. Bd5 Bb6 48. Qf3 Nf6 49. Bc6 Qd8 50. Rgg2 Bc7 51. Ke1 Bb6 
52. Kd1 Nd7 53. Kc1 Qf8 54. Kb1 Bd8 55. Qd3 Nb8 56. Bd5 Nd7 57. Bc6 Bc7 
58. h5 Qc8 59. Be1 f6 60. Bh4 Rf8 61. Rg6 Nb6 62. Reg2 Rff7 63. Ka2 Qd8 
64. Qc2 Qf8 65. Bf2 Qd8 66. Qc1 Qf8 67. Qc2 Qd8 68. Rg1 d5 69. Qxc5 d3 
70. e5 fxe5 71. f5 Nd7 72. Qxd5 Rxf5 73. Be3 Nf6 74. Qxd8+ Bxd8 75. b6 e4 
76. b7 Bc7 77. Bb6 Bh2 78. R1g3 Bxg3 79. Rxg3 Rxb7 80. Bxb7 Rxh5 81. Kb2 Re5 
82. b4 Re7 83. Bc6 axb4 84. a5 Re6 85. Bb7 Ne8 86. Rh3 Kh7 87. Be3 Nc7 
88. Kb3 Na6 89. Kc4 Nb8 90. Kxb4 Kg6 91. Rh1 Kf6 92. Kc3 Ke7 93. Rb1 Kf6 
94. Bd5 Re8 95. Kd4 Kf5 96. Rf1+ Kg4 97. Bxe4 g5 98. Rg1+ Kh3 99. Kxd3 Na6 1-0

[Event "Wednesday Apr 25 Engine Tour 9 rd Swiss 12m+1s Starts at 1600hrs"]
[Site "Infinity Chess"]
[Date "2018.4.25"]
[Round "7"]
[White "MarioDeMonti"]
[Black "star99"]
[Result "1/2-1/2"]
[ECO "C43"]
[WhiteElo "2432"]
[BlackElo "2462"]
[WhiteEngine "stockfish_x64_bmi2_2018_02_18_CTG"]
[BlackEngine "Cryptic Heroes 9.4B"]
[EventType "Swiss"]
[WhiteTeam ""]
[BlackTeam ""]
[PlyCount "79"]
[TimeControl "720+1"]

1. e4 e5 2. Nf3 Nf6 3. d4 Nxe4 4. Nxe5 d5 5. Bd3 Bd6 6. O-O O-O 7. c4 Bxe5 
8. dxe5 Nc6 9. cxd5 Qxd5 10. Qc2 Nb4 11. Bxe4 Nxc2 12. Bxd5 Bf5 13. g4 Bxg4 
14. Be4 Nxa1 15. Bf4 f6 16. Nd2 Rad8 17. exf6 Rxf6 18. Bg5 h6 19. Bxf6 gxf6 
20. Nc4 f5 21. Bxb7 Nc2 22. f3 Bh5 23. Rc1 Nd4 24. Kf2 Ne6 25. Ne5 Kg7 
26. Rc2 f4 27. Be4 Kf6 28. Nc6 Rd1 29. h4 a6 30. b3 Bg6 31. Bxg6 Kxg6 
32. Re2 Kf6 33. b4 Rh1 34. Nb8 Rh2+ 35. Kf1 Rxh4 36. Nd7+ Kf7 37. Ne5+ Kf6 
38. Nd7+ Kf7 39. Ne5+ Kf6 40. Nd7+ 1/2-1/2

[Event "Wednesday Apr 25 Engine Tour 9 rd Swiss 12m+1s Starts at 1600hrs"]
[Site "Infinity Chess"]
[Date "2018.4.25"]
[Round "7"]
[White "SkyPilot"]
[Black "gmmarolideus"]
[Result "1/2-1/2 "]
[ECO "C07"]
[WhiteElo "2441"]
[BlackElo "2323"]
[WhiteEngine "stockfish_x64_bmi2_2018_04_07_CTG"]
[BlackEngine "asmFishW_2018-04-07_popcnt_CTG"]
[EventType "Swiss"]
[WhiteTeam ""]
[BlackTeam ""]
[PlyCount "129"]
[TimeControl "720+1"]

1. e4 e6 2. d4 d5 3. Nd2 c5 4. Ngf3 Nf6 5. e5 Nfd7 6. c3 Nc6 7. Bd3 Qb6 
8. O-O cxd4 9. cxd4 Nxd4 10. Nxd4 Qxd4 11. Nf3 Qb6 12. Qc2 Qc5 13. Qe2 Be7 
14. Bd2 O-O 15. Rfc1 Qb6 16. Rc2 Re8 17. a4 a6 18. a5 Qa7 19. Rc3 Nf8 
20. Ng5 Qd4 21. Nxh7 Ng6 22. Qh5 Qxe5 23. Bxg6 Qxh5 24. Bxh5 g6 25. Bxg6 fxg6 
26. Rc7 e5 27. Bg5 Bxg5 28. Nxg5 d4 29. h3 Bf5 30. Rxb7 Rad8 31. Kh2 d3 
32. g4 Bd7 33. Rb6 Bb5 34. Rxg6+ Kf8 35. Rf6+ Kg7 36. Re6 Rf8 37. Rxe5 Bc4 
38. Kg3 d2 39. Rd1 Bb3 40. Ne6+ Kf6 41. Nxd8 Rxd8 42. Rf5+ Kg7 43. Rf1 Rc8 
44. Rf4 Rc1 45. Rd4 Rxf1 46. Rxd2 Ra1 47. Rd7+ Kg8 48. Rd3 Bc4 49. Ra3 Rb1 
50. Ra4 Bf1 51. Rb4 Ra1 52. f4 Rxa5 53. f5 Rb5 54. Rxb5 Bxb5 55. b3 a5 
56. Kf4 Be2 57. Ke3 Bd1 58. g5 Bxb3 59. Kd4 Bc2 60. h4 a4 61. g6 Bxf5 62. h5 a3 
63. Kc3 a2 64. Kb2 Kg7 65. Kxa2 1/2-1/2

[Event "Wednesday Apr 25 Engine Tour 9 rd Swiss 12m+1s Starts at 1600hrs"]
[Site "Infinity Chess"]
[Date "2018.4.25"]
[Round "7"]
[White "NINJA_JENGKA"]
[Black "CrapCleaner"]
[Result "1/2-1/2 "]
[ECO "D30"]
[WhiteElo "2412"]
[BlackElo "2421"]
[WhiteEngine "Houdini 6_CTG"]
[BlackEngine "Houdini 6.03 Standard_CTG"]
[EventType "Swiss"]
[WhiteTeam ""]
[BlackTeam ""]
[PlyCount "130"]
[TimeControl "720+1"]

1. d4 d5 2. c4 e6 3. Nf3 Nf6 4. Nc3 c6 5. Bg5 h6 6. Bxf6 Qxf6 7. e3 Nd7 
8. Bd3 g6 9. Rc1 dxc4 10. Bxc4 Bg7 11. O-O O-O 12. e4 Qe7 13. e5 c5 14. Re1 cxd4 
15. Qxd4 Nb6 16. Bb3 Bd7 17. Qe3 Rac8 18. Rcd1 Qc5 19. Qe2 Bc6 20. Ne4 Bxe4 
21. Qxe4 Qc7 22. Nd4 Nc4 23. h3 Nxb2 24. Rd2 Nc4 25. Rc2 Qxe5 26. Nxe6 Qxe4 
27. Rxe4 Nd6 28. Nxf8 Rxc2 29. Bxc2 Nxe4 30. Nxg6 Nc3 31. Bb3 a5 32. Ne7+ Kf8 
33. Nd5 b5 34. Nxc3 Bxc3 35. Bd5 Ke7 36. Kf1 f5 37. f4 h5 38. g3 b4 39. Bb3 h4 
40. gxh4 Bd2 41. Ke2 Bxf4 42. Kf3 Bh6 43. Ke2 Kf6 44. Ba4 f4 45. Bc6 Ke6 
46. Kd3 Ke5 47. Kc4 Bg7 48. Kd3 Bf6 49. h5 Kf5 50. h6 Kg6 51. Ke4 Bg5 
52. h7 Kxh7 53. h4 Bh6 54. Kf5 Kg7 55. Ke6 f3 56. Bxf3 Bd2 57. Bd5 Kh6 
58. Bb3 Kh5 59. Bd1+ Kxh4 60. Bb3 Kg4 61. Kd5 Bg5 62. a3 bxa3 63. Ba2 Bf6 
64. Bb1 Bd8 65. Ba2 Kg5 1/2-1/2

[Event "Wednesday Apr 25 Engine Tour 9 rd Swiss 12m+1s Starts at 1600hrs"]
[Site "Infinity Chess"]
[Date "2018.4.25"]
[Round "7"]
[White "ocirema"]
[Black "Thinker"]
[Result "1/2-1/2"]
[ECO "C77"]
[WhiteElo "2441"]
[BlackElo "2466"]
[WhiteEngine "asmFishW_2018-04-24_popcnt"]
[BlackEngine "BrainFish_180418_x64_modern_CTG"]
[EventType "Swiss"]
[WhiteTeam ""]
[BlackTeam ""]
[PlyCount "121"]
[TimeControl "720+1"]

1. e4 e5 2. Nf3 Nc6 3. Bb5 a6 4. Ba4 Nf6 5. O-O Be7 6. Re1 b5 7. Bb3 O-O 
8. a4 b4 9. c3 d6 10. d3 Rb8 11. a5 Be6 12. Bxe6 fxe6 13. Nbd2 Qe8 14. h3 Nd7 
15. Qe2 Rb5 16. d4 Bd8 17. Nc4 exd4 18. cxd4 Qg6 19. Bd2 Bf6 20. e5 dxe5 
21. Rac1 Nxd4 22. Nxd4 exd4 23. Qxe6+ Qf7 24. Qxa6 Qd5 25. Qe6+ Qxe6 26. Rxe6 d3 
27. Rce1 Nc5 28. Rc6 Nb3 29. Rd1 Bd4 30. Be3 Bxe3 31. fxe3 Rc5 32. Rxc5 Nxc5 
33. Ne5 Ra8 34. Nc6 b3 35. Kf2 Ra6 36. Ne5 Rxa5 37. Nxd3 Kf7 38. Kf3 Ke7 
39. Nxc5 Rxc5 40. Rd3 Rb5 41. g3 Ke6 42. Rc3 Kd6 43. Ke4 g6 44. Kd3 Rg5 
45. g4 h5 46. Rc4 hxg4 47. hxg4 Rd5+ 48. Kc3 Re5 49. e4 Rb5 50. Rd4+ Ke5 
51. Rd7 Kxe4 52. Rxc7 Kf4 53. Rc4+ Kf3 54. Rd4 Rb6 55. g5 Rb5 56. Kc4 Rxg5 
57. Rd3+ Kf4 58. Rxb3 Rg2 59. Rb7 g5 60. Rf7+ Ke4 61. b4 1/2-1/2

[Event "Wednesday Apr 25 Engine Tour 9 rd Swiss 12m+1s Starts at 1600hrs"]
[Site "Infinity Chess"]
[Date "2018.4.25"]
[Round "7"]
[White "Murx"]
[Black "localhero"]
[Result "1/2-1/2 "]
[ECO "C65"]
[WhiteElo "2511"]
[BlackElo "2442"]
[WhiteEngine "asmFishW_2018-04-07_popcnt"]
[BlackEngine "asmFishW_2018-04-11_popcnt"]
[EventType "Swiss"]
[WhiteTeam ""]
[BlackTeam ""]
[PlyCount "153"]
[TimeControl "720+1"]

1. e4 e5 2. Nf3 Nc6 3. Bb5 Nf6 4. d3 Bc5 5. c3 O-O 6. O-O d6 7. Nbd2 Ne7 
8. Ba4 Ng6 9. h3 c6 10. Bc2 Bb6 11. Re1 Re8 12. d4 h6 13. a4 a5 14. Nc4 Bc7 
15. b3 Be6 16. Ne3 Bc8 17. dxe5 dxe5 18. Qxd8 Rxd8 19. Nf5 b6 20. Ba3 c5 
21. g3 Ba6 22. Kg2 Rd7 23. Rad1 Rad8 24. Rxd7 Rxd7 25. Bb2 Ne7 26. Nxe7+ Rxe7 
27. Nd2 Rd7 28. Nb1 Nh7 29. h4 Nf8 30. Na3 g5 31. h5 Bb7 32. Kf1 Ba6+ 
33. Kg2 Bb7 34. Kf1 Ba6+ 35. c4 Ne6 36. Nb1 Nd4 37. Bd1 Kg7 38. Nc3 f6 
39. Nd5 Bc8 40. g4 Rf7 41. f3 Kf8 42. Ne3 Rd7 43. Kf2 Kf7 44. Nd5 Bb7 
45. Rh1 Bd8 46. Rf1 Ke6 47. Ke3 Bc6 48. Bc3 Rb7 49. Rf2 Rh7 50. Bd2 Rd7 
51. Kd3 Ra7 52. Be3 Rd7 53. Kc3 Kd6 54. Rg2 Ke6 55. Rd2 Rh7 56. Rd3 Rg7 
57. Bf2 Rb7 58. Be3 Rh7 59. Bf2 Rg7 60. Kb2 Rb7 61. Kc3 Rd7 62. Bc2 Bb7 
63. Kb2 Kd6 64. Bd1 Rh7 65. Rd2 Ke6 66. Be3 Bc6 67. Nc3 Rd7 68. Rf2 Bb7 
69. Rd2 Be7 70. Nd5 Bd8 71. Kc3 Bc6 72. Rd3 Bb7 73. Bf2 Bc6 74. Re3 Rg7 
75. Kb2 Rd7 76. Rd3 Rf7 77. Kc3 1/2-1/2

[Event "Wednesday Apr 25 Engine Tour 9 rd Swiss 12m+1s Starts at 1600hrs"]
[Site "Infinity Chess"]
[Date "2018.4.25"]
[Round "7"]
[White "angriff"]
[Black "Vimtiroba"]
[Result "1/2-1/2"]
[ECO "C50"]
[WhiteElo "2423"]
[BlackElo "2435"]
[WhiteEngine "DracoREX 3.07 64BIT POPCNT_CTG"]
[BlackEngine "AsmFish A24_CTG"]
[EventType "Swiss"]
[WhiteTeam ""]
[BlackTeam ""]
[PlyCount "153"]
[TimeControl "720+1"]

1. e4 e5 2. Nf3 Nc6 3. Bc4 Bc5 4. O-O Nf6 5. d3 a5 6. c3 d6 7. Nbd2 O-O 
8. Re1 Ba7 9. h3 Be6 10. Bb5 Ne7 11. d4 Ng6 12. Ba4 Nh5 13. Nf1 exd4 
14. cxd4 Nhf4 15. Ng3 d5 16. Bxf4 Nxf4 17. Qd2 Qf6 18. e5 Qh6 19. Ne2 Nxe2+ 
20. Qxe2 c6 21. Bc2 b5 22. Rad1 a4 23. Nh2 Bb6 24. Qd3 f5 25. Re2 Ra7 
26. Qc3 Rc7 27. Qb4 Rcc8 28. b3 axb3 29. Qxb3 Ra8 30. Qb4 Rxa2 31. Qd6 Bf7 
32. e6 Bh5 33. Nf3 Bxf3 34. gxf3 Rc8 35. Qd7 Qg6+ 36. Kf1 Qe8 37. Bxf5 Rxe2 
38. Kxe2 Rd8 39. Qxe8+ Rxe8 40. Rc1 Bxd4 41. Rxc6 g6 42. Bb1 Bf6 43. Kd3 Kg7 
44. Ba2 Be7 45. Bxd5 Kf6 46. Rc7 b4 47. Kd4 Rd8 48. Rc2 Re8 49. Ke4 Rb8 
50. f4 Rb5 51. Re2 Ra5 52. Bb3 Bc5 53. Rc2 Bd6 54. Rd2 Ra3 55. Rxd6 Rxb3 
56. Rd7 Kxe6 57. Rxh7 Rc3 58. Rb7 Rc4+ 59. Kd3 Rxf4 60. Rb5 Kf6 61. Ke3 Rh4 
62. Ke2 g5 63. f3 Rc4 64. Rb6+ Kf5 65. Kd2 Rh4 66. Ke2 Ke5 67. Ke3 Kd5 
68. Kd3 Rd4+ 69. Kc2 Rh4 70. Kd3 b3 71. Rxb3 Ke5 72. Kc2 Kf4 73. Rb4+ Kxf3 
74. Rb3+ Kg2 75. Rb5 g4 76. hxg4 Rh8 77. Rg5 1/2-1/2

[Event "Wednesday Apr 25 Engine Tour 9 rd Swiss 12m+1s Starts at 1600hrs"]
[Site "Infinity Chess"]
[Date "2018.4.25"]
[Round "7"]
[White "Marsell"]
[Black "Time_bandit"]
[Result "1/2-1/2"]
[ECO "C55"]
[WhiteElo "2485"]
[BlackElo "2480"]
[WhiteEngine "BrainFish_180418_x64_bmi2"]
[BlackEngine "asmFishW_2018-04-11_bmi2"]
[EventType "Swiss"]
[WhiteTeam ""]
[BlackTeam ""]
[PlyCount "113"]
[TimeControl "720+1"]

1. e4 e5 2. Nf3 Nc6 3. Bc4 Nf6 4. d3 Bc5 5. c3 d6 6. O-O a5 7. Bg5 Ba7 
8. Nbd2 h6 9. Bh4 Qe7 10. Bb5 g5 11. Bg3 O-O 12. Nc4 Nh5 13. Bxc6 bxc6 
14. Nxa5 Nxg3 15. hxg3 Bd7 16. Qd2 f6 17. Nc4 h5 18. Ne3 Qh7 19. a4 h4 
20. g4 Bxe3 21. Qxe3 Bxg4 22. a5 Kf7 23. d4 Ke8 24. Nd2 Be6 25. f3 Kd7 
26. a6 Rg8 27. c4 exd4 28. Qxd4 Qg7 29. b4 f5 30. Qd3 f4 31. Nb3 g4 32. Nc5+ Ke7 
33. Nxe6 Kxe6 34. e5 dxe5 35. Qe4 gxf3 36. Qxf3 Qg3 37. Qxc6+ Kf5 38. Rfe1 f3 
39. Qe4+ Kf6 40. Ra2 Rg4 41. Qc6+ Kg5 42. Rxe5+ Qxe5 43. Ra5 Rxg2+ 44. Kf1 Qxa5 
45. bxa5 Rd8 46. Qxf3 Ra2 47. a7 Rxa5 48. Kg2 Rd2+ 49. Kh3 Rda2 50. Qe3+ Kf5 
51. Kxh4 c6 52. a8=Q Rxa8 53. Qc5+ Ke4 54. Qxc6+ Kd3 55. Qb6 Ra1 56. Qb3+ Ke4 
57. c5 1/2-1/2

[Event "Wednesday Apr 25 Engine Tour 9 rd Swiss 12m+1s Starts at 1600hrs"]
[Site "Infinity Chess"]
[Date "2018.4.25"]
[Round "7"]
[White "Seliga"]
[Black "THE_MACHINE"]
[Result "1/2-1/2"]
[ECO "C53"]
[WhiteElo "2477"]
[BlackElo "2558"]
[WhiteEngine "AsmFish A10_CTG"]
[BlackEngine "BrainFish_180423_x64_bmi2"]
[EventType "Swiss"]
[WhiteTeam ""]
[BlackTeam ""]
[PlyCount "116"]
[TimeControl "720+1"]

1. e4 e5 2. Nf3 Nc6 3. Bc4 Bc5 4. c3 Nf6 5. d3 d6 6. O-O O-O 7. Re1 a5 8. h3 Ba7 
9. Nbd2 Be6 10. b3 h6 11. a4 d5 12. exd5 Nxd5 13. Ne4 Re8 14. Bd2 Nf6 
15. Qe2 Nxe4 16. Qxe4 Qd7 17. Rad1 Rad8 18. b4 axb4 19. cxb4 Bd5 20. Bxd5 Qxd5 
21. b5 Nd4 22. Nxd4 Qxd4 23. Be3 Qxe4 24. dxe4 Rxd1 25. Rxd1 Bxe3 26. fxe3 b6 
27. Rc1 Rc8 28. g3 Kf8 29. Kg2 Ke7 30. Kf3 Kd6 31. h4 h5 32. Rc6+ Ke7 
33. g4 hxg4+ 34. Kxg4 Kd7 35. Kg3 f6 36. Rc1 c5 37. bxc6+ Rxc6 38. Rxc6 Kxc6 
39. Kg4 g6 40. h5 gxh5+ 41. Kxh5 Kd6 42. Kg4 Ke6 43. Kg3 Ke7 44. Kf3 Ke6 
45. Kg4 Kd7 46. Kf5 Ke7 47. Kg4 Ke8 48. Kf3 Kd7 49. Kg3 Ke7 50. Kh4 Kd7 
51. Kg4 Kd6 52. Kf5 Ke7 53. Kg6 Ke6 54. Kg7 f5 55. exf5+ Kxf5 56. Kf7 e4 
57. Ke7 Kg4 58. Kd7 Kf3 1/2-1/2

[Event "Wednesday Apr 25 Engine Tour 9 rd Swiss 12m+1s Starts at 1600hrs"]
[Site "Infinity Chess"]
[Date "2018.4.25"]
[Round "6"]
[White "star99"]
[Black "SkyPilot"]
[Result "1/2-1/2"]
[ECO "C26"]
[WhiteElo "2463"]
[BlackElo "2440"]
[WhiteEngine "Cryptic Heroes 9.4B"]
[BlackEngine "stockfish_x64_bmi2_2018_04_07_CTG"]
[EventType "Swiss"]
[WhiteTeam ""]
[BlackTeam ""]
[PlyCount "90"]
[TimeControl "720+1"]

1. e4 e5 2. Nc3 Nf6 3. Nf3 Nc6 4. h3 Bc5 5. Nxe5 Nxe5 6. d4 Bd6 7. dxe5 Bxe5 
8. Bd3 O-O 9. O-O d6 10. Bg5 Qe8 11. Re1 Bxc3 12. bxc3 Nd7 13. a4 Qe5 
14. Qd2 Qa5 15. f3 b6 16. Be3 Nc5 17. Bc4 Ba6 18. Bd5 Bb7 19. Bxc5 Qxc5+ 
20. Qd4 Qxd4+ 21. cxd4 Bxd5 22. exd5 Rfc8 23. Re7 Kf8 24. Rae1 Re8 
25. Rxe8+ Rxe8 26. Kf2 Rxe1 27. Kxe1 Ke8 28. Ke2 a6 29. h4 f5 30. c3 Ke7 
31. g4 fxg4 32. fxg4 Kf7 33. c4 Ke7 34. Kd3 Kd7 35. a5 bxa5 36. Kc3 c6 
37. dxc6+ Kxc6 38. Kb3 d5 39. c5 Kb5 40. g5 a4+ 41. Ka3 g6 42. Kb2 Kc6 
43. Ka3 Kb5 44. Ka2 Kc6 45. Ka3 Kb5 1/2-1/2